 Dungeon Crawl Stone Soup version 0.27.1-33-g824d729ab1 (webtiles) character file.

Game seed: 17303114132737052249

368 Grabarz the Chucker (level 6, -2/56 HPs)
             Began as a Minotaur Hunter on Dec 8, 2021.
             Was an Initiate of Makhleb.
             Slain by Crazy Yiuf (17 damage)
             ... on level 3 of the Dungeon.
             The game lasted 00:30:54 (4149 turns).

Grabarz the Chucker (Minotaur Hunter)               Turns: 4149, Time: 00:30:55

Health: -2/56      AC:  4    Str: 18    XL:     6   Next: 41%
Magic:  5/5        EV: 18    Int:  8    God:    Makhleb [......]
Gold:   95         SH:  0    Dex: 11    Spells: 5/5 levels left

rFire    . . .     SeeInvis .   a - +2 dagger (flame)
rCold    + . .     Faith    .   (no shield)
rNeg     . . .     Spirit   .   g - +1 leather armour {rPois}
rPois    +         Reflect  .   (helmet restricted)
rElec    .         Harm     .   (no cloak)
rCorr    .         Rampage  .   (no gloves)
Will     +....                  (no boots)
Stlth    +.........             (no amulet)
HPRegen  0.18/turn              c - ring of protection from cold
MPRegen  0.09/turn              j - ring of willpower

@: mighty, agile
A: horns 2, retaliatory headbutt
a: Renounce Religion


You were on level 3 of the Dungeon.
You worshipped Makhleb.
Makhleb was noncommittal.
You visited 2 branches of the dungeon, and saw 5 of its levels.

You collected 95 gold pieces.

Inventory:

Hand Weapons
 a - a +2 dagger of flaming (weapon)
Missiles
 e - 12 poisoned darts (quivered)
 h - 117 stones
 l - 3 boomerangs
Armour
 g - a +1 leather armour of poison resistance (worn)
 k - a +1 ring mail of cold resistance
Jewellery
 c - a ring of protection from cold (left hand)
 j - a ring of willpower (right hand)
Scrolls
 b - a scroll of silence {unknown}
 d - a scroll of magic mapping
 i - a scroll of teleportation
 q - 4 scrolls of identify
 v - a scroll of enchant weapon
Potions
 f - 2 potions of resistance


   Skills:
 + Level 5.1 Fighting
 + Level 5.5 Throwing
 + Level 4.7 Dodging
 - Level 0.7 Stealth


You had 5 spell levels left.
You didn't know any spells.
Your spell library was empty.

Dungeon Overview and Level Annotations

Branches:
Dungeon (4/15)             Temple (1/1) D:4

Altars:
Ashenzari
Cheibriados
Dithmenos
Elyvilon
Fedhas
Gozag
Hepliaklqana
Kikubaaqudgha
Makhleb
Nemelex Xobeh
Okawaru
Qazlal
Ru
Sif Muna
Uskayaw
Vehumet
Xom
Zin
The Shining One

Annotations:
D:3 Crazy Yiuf


Innate Abilities, Weirdness & Mutations

You have a pair of horns on your head.
You reflexively headbutt those who attack you in melee.


Message History

Crazy Yiuf draws strength from your wounds!
Throw: javelin
Press: ? - help, Q - select action, (/) - cycle Shift-Dir - straight line, f/p - Crazy Yiuf
Aim: Crazy Yiuf, wielding a +3 quarterstaff of chaos and wearing a +0 cloak (heavily wounded, 64% to hit)
You throw a javelin.
The javelin pierces through Crazy Yiuf but does no damage.
Crazy Yiuf is heavily wounded.
Crazy Yiuf barely misses you.
Throw: 15 darts (poison)
Press: ? - help, Q - select action, (/) - cycle Shift-Dir - straight line, f/p - Crazy Yiuf
Aim: Crazy Yiuf, wielding a +3 quarterstaff of chaos and wearing a +0 cloak (heavily wounded, 64% to hit)
You throw a poisoned dart. The poisoned dart hits Crazy Yiuf.
Crazy Yiuf is heavily wounded.
Crazy Yiuf hits you with a +3 quarterstaff of chaos!
* * * LOW HITPOINT WARNING * * *
You feel agile all of a sudden.
Crazy Yiuf cries, "Snower mumblescurry eyeball!"
Throw: 14 darts (poison)
Press: ? - help, Q - select action, (/) - cycle Shift-Dir - straight line, f/p - Crazy Yiuf
Aim: Crazy Yiuf, wielding a +3 quarterstaff of chaos and wearing a +0 cloak (heavily wounded, 64% to hit)
You throw a poisoned dart.
The poisoned dart completely misses Crazy Yiuf.
Crazy Yiuf grits, "Goldfish forty-two canine!"
Crazy Yiuf says, "Island action chair!"
Crazy Yiuf cries, "Flower!"
Crazy Yiuf laughs, "Snower!
Iron canine head."
Throw: 13 darts (poison)
Press: ? - help, Q - select action, (/) - cycle Shift-Dir - straight line, f/p - Crazy Yiuf
Aim: Crazy Yiuf, wielding a +3 quarterstaff of chaos and wearing a +0 cloak (moderately wounded, 64% to hit)
You throw a poisoned dart.
The poisoned dart closely misses Crazy Yiuf.
Crazy Yiuf completely misses you.
You puncture Crazy Yiuf! You burn Crazy Yiuf.
Crazy Yiuf is severely wounded.
Crazy Yiuf closely misses you.
You hit Crazy Yiuf. You burn Crazy Yiuf.
Crazy Yiuf is almost dead.
Crazy Yiuf cries, "You leg down broken song, no?"
Crazy Yiuf hits you with a +3 quarterstaff of chaos!
You die...

#.# #. #.# #. #.# #.
#.# ## #.# # #.# #.
#.# #.###
#######.#####. ##...
#(g@...........#.##.
#.############......
#.# .....##. #.#
#### #. #.# #.
#.###♣♣♣♣♣ #.
#.#....♣.♣♣♣ ### #.
#.......♣..♣#...# #.
#......♣♣♣♣.(..(# #.


You could see Crazy Yiuf.

Vanquished Creatures
  A phantom (D:4)
  A hound (D:2)
  An orc priest (D:3)
  Natasha (thrice) (D:3)
  6 gnolls
  3 adders
  An ufetubus (D:4)
  2 dart slugs
  4 orcs (D:3)
  A ball python (D:1)
  7 endoplasms
  4 giant cockroaches
  7 goblins
  3 hobgoblins (D:1)
  2 jackals (D:2)
  4 quokkas
  3 bats (D:1)
  2 frilled lizards
  9 kobolds
  10 rats
74 creatures vanquished.

Notes
Turn   | Place    | Note
-------+----------+-------------------------------------------
     0 | D:1      | Grabarz the Minotaur Hunter began the quest for the Orb.
     0 | D:1      | Reached XP level 1. HP: 18/18 MP: 0/0
   178 | D:1      | Reached XP level 2. HP: 20/25 MP: 1/1
   889 | D:2      | Reached XP level 3. HP: 31/31 MP: 2/2
  1028 | D:2      | Reached XP level 4. HP: 24/38 MP: 3/3
  2032 | D:2      | You fall into a shaft and drop 2 floors!
  2111 | D:4      | Found a staircase to the Ecumenical Temple.
  2126 | Temple   | Entered the Ecumenical Temple
  2206 | Temple   | Became a worshipper of Makhleb the Destroyer
  2409 | D:4      | Noticed a phantom
  2422 | D:4      | Killed a phantom
  2423 | D:4      | Reached skill level 5 in Throwing
  2423 | D:4      | Reached XP level 5. HP: 33/47 MP: 4/4
  3256 | D:3      | Noticed Natasha
  3267 | D:3      | Killed Natasha
  3268 | D:3      | Reached XP level 6. HP: 47/53 MP: 5/5
  3431 | D:3      | Noticed Natasha
  3437 | D:3      | Killed Natasha
  3699 | D:3      | Noticed Natasha
  3707 | D:3      | Killed Natasha
  3708 | D:3      | Reached skill level 5 in Fighting
  3998 | D:3      | Found an iron altar of Okawaru.
  4121 | D:3      | Found a runed translucent door.
  4122 | D:3      | Noticed Crazy Yiuf
  4149 | D:3      | Slain by Crazy Yiuf

Illustrated notes

Levels and vault maps discovered:
D:1:      dpeg_arrival_rooms_a, layout_loops_ring
D:2:      layout_basic, serial_park_tiny_2
D:3:      layout_loops_ring, okawaru_trees_2, uniq_natasha,
          uniq_crazy_yiuf_cottage
D:4:      layout_loops_ring, minmay_temple_entry_statues_fountains
Temple:   dpeg_five_rooms_temple

Skill      XL: |  1  2  3  4  5  6 |
---------------+-------------------+-----
Fighting       | 3 4 5 |  5.1
Dodging        | 3 4 |  4.7
Throwing       | 5 |  5.5
Stealth        | |  0.7

Action                   |  1- 3 |  4- 6 || total
-------------------------+-------+-------++-------
Melee: Short sword       |    14 |     9 ||    23
       Headbutt          |     1 |     8 ||     9
       Dagger            |       |    21 ||    21
Throw: Javelin           |    54 |    51 ||   105
       Throwing net      |     2 |     1 ||     3
       Boomerang         |       |    19 ||    19
       Stone             |       |    39 ||    39
       Dart              |       |     5 ||     5
  Use: Scroll            |     2 |    10 ||    12
       Potion            |       |     4 ||     4
Armor: Leather armour    |     5 |    10 ||    15
Dodge: Dodged            |    11 |    57 ||    68
